 Dungeon Crawl Stone Soup version 0.14.0-26-g1682e81 (webtiles) character file.

3187 Heini the Cleaver (level 9, -10/80 (82) HPs)
             Began as a Hill Orc Fighter on Apr 26, 2014.
             Was a Follower of Okawaru.
             Shot with a sling bullet of flame by Joseph (20 damage)
             ... on Level 9 of the Dungeon.
             The game lasted 00:27:32 (7559 turns).

Heini the Cleaver (Hill Orc Fighter)                Turns: 7559, Time: 00:27:34

HP -10/80 (82)   AC 14     Str 22      XL: 9   Next: 74%
MP   8/9         EV  7     Int  8      God: Okawaru [*.....]
Gold 348         SH 22     Dex 10      Spells:  0 memorised,  8 levels left

rFire  . . .     SeeInvis .     a - +0,+1 war axe
rCold  . . .     Clarity  .     g - +0 chain mail
rNeg   . . .     Conserve .     c - +0 shield
rPois  .         rCorr    +     (no helmet)
rElec  .         rRot     .     h - +0 cloak
SustAb . .       Spirit   .     (no gloves)
rMut   .         Warding  .     (no boots)
Saprov + . .     Stasis   .     o - amulet of resist corrosion
MR     .....                    (no ring)
                                (no ring)

@: heroism, not resistant to hostile enchantments, extremely unstealthy
A: saprovore 1
a: Heroism, Renounce Religion


You were on level 9 of the Dungeon.
You worshipped Okawaru.
Okawaru was aware of your devotion.
You were not hungry.

You visited 2 branches of the dungeon, and saw 11 of its levels.
You also visited: Sewer.

You collected 426 gold pieces.
You spent 78 gold pieces at shops.

Inventory:

Hand weapons
 a - a +0,+1 war axe (weapon)
Missiles
 f - 12 stones (quivered)
Armour
 c - a +0 shield (worn)
 g - a +0 chain mail (worn)
 h - a +0 cloak (worn)
Magical devices
 j - a wand of confusion (19) {unknown}
 E - a wand of magic darts (0) {unknown}
 G - a wand of fireball (2) {unknown}
 H - a wand of invisibility (7) {unknown}
 M - a wand of slowing (12) {unknown}
Comestibles
 b - a chunk of jackal flesh
 d - 3 meat rations
 k - a pear
 n - 5 bread rations
 r - 3 cheeses
 C - an apple
Scrolls
 m - 7 scrolls of remove curse
 v - 5 scrolls of magic mapping
 w - 3 scrolls of recharging
 y - 5 scrolls of teleportation
 L - a scroll of fog
 N - a scroll of identify
 O - a scroll of noise {unknown}
Jewellery
 i - a cursed amulet of faith
 o - an amulet of resist corrosion (around neck)
 p - an uncursed ring of wizardry
 x - an uncursed ring of fire {unknown}
 D - an uncursed ring of wizardry
 I - the cursed ring of Linearity {+/*Tele Int+4 Acc+4, unknown}
   (You found it on level 5 of the Dungeon)

   [ring of teleportation]

   It affects your intelligence (+4).
   It affects your accuracy with ranged weapons and melee attacks (+4).
   It has a curse placed upon it.
 K - a +2 ring of evasion {unknown}
Potions
 e - 3 potions of heal wounds
 l - a potion of curing
 q - 7 potions of brilliance
 s - a potion of magic {unknown}
 t - a potion of agility {unknown}
 u - a potion of haste
 z - a potion of might
 A - 2 potions of flight
 B - a potion of resistance {unknown}
 F - 2 potions of poison {unknown}
Books
 J - a book of Power

   Spells                             Type                      Level
   Fulminant Prism                    Conjuration/Hexes            4
   Iskenderun's Mystic Blast          Conjuration                  4
   Venom Bolt                         Conjuration/Poison           5
   Bolt of Magma                      Conjuration/Fire/Earth       5
   Iron Shot                          Conjuration/Earth            6
   Orb of Destruction                 Conjuration                  7


   Skills:
 * Level 8.4(13.4) Fighting
 * Level 10.8(15.8) Axes
 * Level 9.4(14.4) Armour
 - Level 3.4(8.4) Shields


You had 8 spell levels left.
You didn't know any spells.

Dungeon Overview and Level Annotations

Branches:
Dungeon (10/15)            Temple (1/1) D:6
    Orc: D:9-12        Lair: D:8-11

Altars:
Ashenzari
Dithmenos
Elyvilon
Fedhas
Makhleb
Nemelex Xobeh
Okawaru
Sif Muna
Trog
Vehumet
Xom
Yredelemnul
Zin
The Shining One

Shops:
D:4 ?   D:7 *

Annotations:
D:9 Joseph


Innate Abilities, Weirdness & Mutations

You can tolerate rotten meat.


Message History

You are more poisoned.
The killer bee poisons you!
Joseph shoots a sling bullet of flame.
You block the sling bullet of flame.
A hound zombie comes into view.
You feel sick.
The killer bee stings you but does no damage.
Joseph shoots a sling bullet of flame.
The sling bullet of flame hits you!
* * * LOW HITPOINT WARNING * * *
The hound zombie moves out of view.
Things that are here:
a sling bullet; a pair of gloves Drink which item? (? for menu, Esc to quit)
You feel better. You block the killer bee's attack.
Joseph shoots a sling bullet of flame.
The sling bullet of flame hits you!
* * * LOW HITPOINT WARNING * * *
The killer bee stings you.
* * * LOW HITPOINT WARNING * * *
Joseph shoots a sling bullet of flame.
The sling bullet of flame hits you!
One of your 2 scrolls of fog catches fire!
You die...

#.# #..####... ...#
#.... #.####..#
#.......# #....
#.......# #.......#
#.... #...>...#
#....... .....
#.......# #.....$.
##### #.......#
#......
#.......####.@.# .#
#............%###z..##
#............k@......#
#.....####..#.).).#..#
#.....# #(##.._..#
#.....# #..#.).).#
#.....# #..........
#.....# ##...###....
#.....# #.(. (..
.....# ##.. .# %.# ###


You could see Joseph, a killer bee and a hound zombie.

Vanquished Creatures
  Grinder (D:4)
  A hill giant zombie (D:5)
  2 hippogriffs (D:7)
  A necrophage (D:7)
  Menkaure (D:6)
  2 phantoms
  An ogre (D:4)
  3 sky beasts
  A centaur (D:6)
  3 giant frogs
  A scorpion (D:6)
  2 killer bees (D:9)
  2 hounds
  A jelly (D:7)
  2 crimson imps (D:6)
  An orc priest (D:6)
  Crazy Yiuf (D:6)
  An elf skeleton (D:7)
  8 orc wizards
  2 iguanas (D:5)
  4 worker ants
  A sky beast zombie (D:7)
  Jessica (D:2)
  A hound zombie (D:5)
  A mummy (D:6)
  3 gnolls (D:3)
  12 adders
  A giant mite (D:3)
  6 green rats
  A shadow imp (D:6)
  2 worms
  2 giant eyeballs (D:5)
  5 giant geckos
  16 orcs
  15 ball pythons
  9 bats
  4 giant cockroaches
  15 goblins
  13 hobgoblins
  2 oozes (Sewer)
  6 quokkas
  A giant gecko skeleton (D:5)
  5 giant newts
  9 jackals
  12 kobolds
  48 rats
  A rat zombie (D:7)
233 creatures vanquished.

Notes
Turn   | Place    | Note
--------------------------------------------------------------
     0 | D:1      | Heini, the Hill Orc Fighter, began the quest for the Orb.
     0 | D:1      | Reached XP level 1. HP: 19/19 MP: 1/1
   120 | D:1      | Reached XP level 2. HP: 16/27 MP: 2/2
   793 | D:2      | Reached skill level 4 in Fighting
   794 | D:2      | Noticed Jessica
   804 | D:2      | Killed Jessica
   804 | D:2      | Reached XP level 3. HP: 30/33 MP: 3/3
  1205 | D:2      | Reached XP level 4. HP: 37/40 MP: 4/4
  1356 | D:3      | Found a shattered altar of Ashenzari.
  1398 | D:3      | Found a glowing drain.
  1495 | Sewer    | Entered a sewer
  1533 | Sewer    | Reached XP level 5. HP: 29/47 MP: 5/5
  1931 | Sewer    | Reached skill level 5 in Armour
  1986 | Sewer    | Reached skill level 5 in Axes
  1992 | Sewer    | Noticed a giant frog
  1993 | Sewer    | Noticed a giant frog
  2020 | Sewer    | Killed a giant frog
  2020 | Sewer    | Reached XP level 6. HP: 17/55 MP: 6/6
  2038 | Sewer    | Killed a giant frog
  2038 | Sewer    | Reached skill level 5 in Fighting
  2325 | D:3      | Reached skill level 6 in Armour
  2800 | D:3      | Reached XP level 7. HP: 49/61 MP: 7/7
  3043 | D:4      | Noticed Grinder
  3044 | D:4      | Paralysed by Grinder for 4 turns
  3050 | D:4      | Paralysed by something for 7 turns
  3060 | D:4      | Paralysed by something for 4 turns
  3197 | D:4      | Paralysed by Grinder for 6 turns
  3233 | D:4      | Killed Grinder
  3559 | D:4      | Reached skill level 7 in Axes
  3874 | D:4      | Reached XP level 8. HP: 70/70 MP: 8/8
  4235 | D:4      | Found Crownaesimm's Magic Scroll Shoppe.
  4246 | D:4      | Bought a scroll of identify for 26 gold pieces
  4256 | D:4      | Bought a scroll of identify for 26 gold pieces
  4256 | D:4      | Bought a scroll of identify for 26 gold pieces
  4418 | D:5      | Entered Level 5 of the Dungeon
  4420 | D:5      | Got a wavering jade ring
  4494 | D:5      | Reached skill level 8 in Axes
  4735 | D:5      | Found a bloodstained altar of Trog.
  4825 | D:5      | Paralysed by a giant eyeball for 2 turns
  5433 | D:6      | Reached skill level 9 in Axes
  5666 | D:6      | Found a staircase to the Ecumenical Temple.
  5672 | Temple   | Entered the Ecumenical Temple
  5808 | Temple   | Became a worshipper of Warmaster Okawaru
  6063 | D:6      | Noticed Menkaure
  6073 | D:6      | Killed Menkaure
  6073 | D:6      | Reached XP level 9. HP: 33/79 MP: 9/9
  6321 | D:6      | Noticed Crazy Yiuf
  6331 | D:6      | Killed Crazy Yiuf
  6720 | D:7      | Reached skill level 10 in Axes
  7356 | D:7      | Acquired Okawaru's first power
  7357 | D:7      | Found Nishosh's General Store.
  7460 | D:8      | You fall through a shaft for 2 floors!
  7460 | D:10     | Entered Level 10 of the Dungeon
  7541 | D:9      | Found an iron altar of Okawaru.
  7543 | D:9      | Noticed Joseph
  7559 | D:9      | Shot with a sling bullet of flame by Joseph

Action                   |  1- 3 |  4- 6 |  7- 9 || total
-------------------------+-------+-------+-------++-------
Melee: War axe           |   115 |   259 |   511 ||   885
Invok: Heroism           |       |       |     1 ||     1
  Use: Scroll            |     5 |     5 |     8 ||    18
       Potion            |       |     1 |     3 ||     4
